Map: Prion Terraces

Players

Pokebunny - Winner!

  • Race: Terran Terran
  • League: Grandmaster

Mcleod

  • Race: Terran Terran
  • League: Master

VOD

Have the link to the VOD?

Description

Time

  • Played on: April 6, 2016, 11:05 p.m.
  • Length: 6:59
Show
View Real Time Build Order
Export as new Build Order

Pokebunny Terran - Winner!

Build Orders: Reaper Expand 

Get SALT Encoding   

  12  0:01  SCV  
  13  0:13  SCV  
  14  0:17  Supply Depot  
  14  0:25  SCV  
  15  0:38  SCV  
  15  0:40  Barracks  
  16  0:43  Refinery  
  16  0:51  SCV  
  17  1:03  SCV  
  18  1:15  SCV  
  19  1:27  Reaper, Orbital Command  
  20  1:42  Command Center  
  20  1:52  Supply Depot, SCV  
  21  1:59  Marine  
  21  2:09  SCV  
  21  2:10  Factory  
  21  2:12  Refinery  
  22  2:17  Marine  
  22  2:21  SCV  
  24  2:39  Marine  
  24  2:41  SCV  
  26  2:53  SCV  
  26  2:57  Orbital Command  
  27  3:04  Marine  
  27  3:05  Hellion, SCV  
  31  3:10  Starport  
  30  3:23  Bunker  
  30  3:25  SCV x2  
  30  3:26  Marine  
  33  3:27  Factory Tech Lab  
  33  3:34  Engineering Bay  
  33  3:37  SCV x2  
  35  3:43  Barracks  
  35  3:44  Marine  
  35  3:46  Siege Tank  
  39  3:49  SCV  
  40  3:56  Viking  
  40  4:01  SCV  
  43  4:02  Missile Turret  
  43  4:05  Supply Depot  
  43  4:06  SCV, Missile Turret  
  44  4:10  Barracks Tech Lab  
  44  4:16  Barracks  
  44  4:19  SCV  
  44  4:20  SCV  
  46  4:27  Viking, Siege Tank  
  46  4:30  Stimpack  
  51  4:34  Refinery, SCV  
  51  4:37  SCV  
  53  4:39  Barracks Reactor  
  53  4:40  Marine  
  54  4:49  Supply Depot  
  54  4:50  Supply Depot  
  54  5:06  Barracks Reactor  
  54  5:09  Supply Depot  
  54  5:10  Siege Tank, Marine, SCV x2  
  54  5:12  Supply Depot  
  54  5:14  Starport Reactor  
  60  5:19  Marine x2  
  62  5:22  SCV x2  
  64  5:28  Marine  
  65  5:37  Marine x2  
  67  5:43  Siege Tank, Marine  
  67  5:44  Marine  
  67  5:46  Marine  
  73  5:52  Command Center  
  73  5:54  Marine, Medivac  
  73  5:55  Marine, SCV x2  
  75  6:05  Marine x2  
  76  6:22  SCV  
  76  6:23  Siege Tank, SCV  
  76  6:24  Marine x4  
  85  6:28  Supply Depot  
  85  6:30  Supply Depot  
  78  6:33  Marine  
Show
View Real Time Build Order
Export as new Build Order

Mcleod Terran 

Build Orders:  

Get SALT Encoding   

  12  0:01  SCV  
  13  0:13  SCV  
  14  0:18  Supply Depot  
  14  0:25  SCV  
  15  0:40  SCV  
  15  0:41  Barracks  
  16  0:43  Refinery  
  16  0:52  SCV  
  17  1:04  SCV  
  18  1:16  SCV  
  19  1:28  Orbital Command, Marine  
  20  1:35  Supply Depot  
  20  1:46  Marine  
  21  1:47  Factory  
  21  1:53  SCV  
  22  2:06  Barracks Reactor, SCV  
  23  2:16  Command Center  
  23  2:18  SCV  
  24  2:22  Refinery  
  24  2:30  SCV  
  25  2:38  Supply Depot  
  25  2:42  SCV  
  26  2:48  Hellion x2  
  30  2:57  Starport, Barracks Reactor  
  29  2:59  SCV  
  30  3:11  Hellion, SCV  
  33  3:23  SCV  
  33  3:24  Supply Depot  
  34  3:40  Orbital Command  
  34  3:44  Viking x2  
  34  3:47  Supply Depot, SCV  
  39  3:58  Hellion x2  
  39  4:00  SCV  
  39  4:02  Orbital Command  
  44  4:03  Liberator  
  44  4:11  Engineering Bay  
  44  4:14  SCV  
  44  4:15  Liberator  
  48  4:26  SCV  
  48  4:28  SCV  
  50  4:38  Supply Depot, SCV  
  54  4:40  SCV  
  55  4:50  SCV  
  55  4:52  SCV  
  57  5:00  Liberator  
  57  5:01  Command Center  
  57  5:02  Liberator, SCV  
  58  5:08  Hellion x2, SCV  
  58  5:13  Supply Depot  
  63  5:14  SCV  
  70  5:23  Refinery  
  70  5:24  Refinery  
  70  5:35  Supply Depot  
  70  5:39  Factory  
  70  5:46  SCV x2  
  72  5:55  Hellion x2  
  76  5:57  Factory  
  76  5:58  SCV x2, Missile Turret  
  76  6:00  Viking  
  80  6:08  Supply Depot  
  80  6:17  Hellion  
  59  6:45  SCV x2  
Tags
 
Add a new tag
Caveats
  • Supply blocks, unpowered buildings, or Contaminate may cause inaccurate times.
  • Supply counts are checked every 10 seconds.